 Dungeon Crawl Stone Soup version 0.24.0-13-gcf9b3192b9 (webtiles) character file.

Game seed: 11842311197641735938, levelgen mode: deterministic

96 sking99 the Chopper (level 4, 3/41 HPs)
             Began as a Hill Orc Monk on Nov 9, 2019.
             Quit the game on level 3 of the Dungeon.
             The game lasted 00:03:14 (1884 turns).

sking99 the Chopper (Hill Orc Monk)                 Turns: 1884, Time: 00:03:15

Health: 3/41       AC:  7    Str: 14    XL:     4   Next: 67%
Magic:  4/4        EV: 10    Int: 10    God:
Gold:   94         SH:  0    Dex: 13    Spells: 3/3 levels left

rFire    . . .     SeeInvis .   a - +0 hand axe
rCold    . . .     Gourm    .   (no shield)
rNeg     . . .     Faith    .   g - +0 scale mail
rPois    .         Spirit   .   (no helmet)
rElec    .         Reflect  .   f - +0 cloak
rCorr    .         Harm     .   (no gloves)
MR       .....                  (no boots)
Stlth    ..........             (no amulet)
HPRegen  0.13/turn              (no ring)
MPRegen  0.09/turn              (no ring)

@: no status effects
A: no striking features
a: Convert to Beogh


You were on level 3 of the Dungeon.
You were not hungry.

You visited 1 branch of the dungeon, and saw 3 of its levels.

You collected 94 gold pieces.

Inventory:

Hand Weapons
 a - a +0 hand axe (weapon)
Armour
 f - a +0 cloak (worn)
 g - a +0 scale mail (worn)
Scrolls
 d - 2 scrolls of enchant weapon {unknown}
 e - a scroll of remove curse {unknown}
 h - 2 scrolls of identify {unknown}
 i - 3 scrolls of random uselessness {unknown}
 n - a scroll of blinking {unknown}
Potions
 b - a potion of might {unknown}
 j - a potion of ambrosia {unknown}
 k - a potion of flight {unknown}
 l - a potion of lignification {unknown}
 m - a potion of degeneration {unknown}
Comestibles
 c - 3 rations


   Skills:
 + Level 4.4 Fighting
 * Level 5.8 Axes
 + Level 1.7 Armour
 - Level 2.4 Dodging
 - Level 1.5 Stealth


You had 3 spell levels left.
You didn't know any spells.
Your spell library was empty.

Dungeon Overview and Level Annotations

Branches:
Dungeon (3/15)

Altars:

Annotations:
D:2 Sigmund


Message History

The orc wizard is lightly wounded.
The orc wizard hits you but does no damage. x2
You closely miss the orc wizard.
The orc wizard is lightly wounded.
You closely miss the leopard gecko. The orc wizard closely misses you.
The leopard gecko bites you but does no damage.
You slash the orc wizard!
The orc wizard is severely wounded.
You hit the leopard gecko.
The orc priest shouts, "Beogh is our master!
Accept the truth or die!"
The orc wizard casts a spell at you. The magic dart hits you!
* * * LOW HITPOINT WARNING * * *
The leopard gecko bites you.
* * * LOW HITPOINT WARNING * * *
The orc wizard hits you but does no damage.
Sorry, you're not good enough to have a special ability.
The leopard gecko bites you but does no damage.
Okay, then.
Are you sure you want to abandon this character and quit the game? (Confirm with "yes".)

# #.# .#
##.##.#
...#...
###......
#<......#
##.##o#..#
#..##l#
#รท)Zo@# .
.####.o####
..
#.........#
.#
####..###o#
.# #.# .#
.# #.. .#
#... .# .#
.... .. ..
.#? #.


You could see an orc priest, an orc wizard, an orc, a jackal zombie and a
leopard gecko.

Vanquished Creatures
  An orc priest (D:3)
  3 adders
  A gnoll (D:3)
  3 worms
  An orc (D:3)
  3 ball pythons
  A giant cockroach (D:2)
  5 goblins
  3 bats
  A frilled lizard (D:3)
  2 kobolds (D:1)
  3 rats
27 creatures vanquished.

Notes
Turn   | Place    | Note
-------+----------+-------------------------------------------
     0 | D:1      | sking99 the Hill Orc Monk began the quest for the Orb.
     0 | D:1      | Reached XP level 1. HP: 19/19 MP: 1/1
   743 | D:2      | Reached XP level 2. HP: 27/27 MP: 2/2
   868 | D:2      | Noticed Sigmund
  1084 | D:3      | Reached skill level 5 in Axes
  1084 | D:3      | Reached XP level 3. HP: 30/33 MP: 3/3
  1090 | D:3      | Reached skill level 1 in Armour
  1751 | D:3      | Reached XP level 4. HP: 23/40 MP: 4/4
  1884 | D:3      | Quit the game

Levels and vault maps discovered:
D:1:      dpeg_arrival_shrine, layout_rooms, serial_bayou, serial_bayou_pond_c,
          serial_bayou_lake_a, serial_bayou_lagoon_a, serial_bayou_pond_d
D:2:      layout_basic, first_ration, uniq_sigmund
D:3:      layout_rooms, lemuel_doored_altar

Skill      XL: |  1  2  3 |
---------------+----------+-----
Fighting       | 4 |  4.4
Axes           | 5 |  5.8
Armour         | 1 |  1.7
Dodging        | |  2.4
Stealth        | |  1.5

Action                   |  1- 3 |  4- 6 || total
-------------------------+-------+-------++-------
Melee: Hand axe          |    74 |    16 ||    90
  Use: Potion            |     1 |       ||     1
  Eat: Chunk             |     1 |     2 ||     3
Armor: Scale mail        |    33 |    12 ||    45
       Robe              |     2 |       ||     2
Dodge: Dodged            |    64 |     9 ||    73
